 Dungeon Crawl Stone Soup version 0.29.0-4-gdea44cf6ec (webtiles) character file.

Game seed: 16048753849318900775

111652 qw the Wrestler (level 16, -1/159 (173) HPs)
             Began as a Troll Cinder Acolyte on Aug 31, 2022.
             Was a High Priest of Okawaru.
             Slain by a ghost crab (12 damage)
             ... on level 1 of the Swamp.
             The game lasted 00:13:59 (23146 turns).

qw the Wrestler (Troll Cinder Acolyte)             Turns: 23146, Time: 00:13:59

HP:   -1/159 (173)  AC: 16    Str: 37    XL:     16   Next: 10%
MP:   20/22         EV: 14    Int:  9    God:    Okawaru [*****.]
Gold: 1440          SH:  5    Dex: 15    Spells: 17/17 levels left

rFire   + . .      SeeInvis .     - Unarmed
rCold   + . .      Faith    .   (no shield)
rNeg    . . .      Spirit   .   e - +5 swamp dragon scales
rPois   +          Reflect  +   (helmet restricted)
rElec   .          Harm     .   t - scarf {rC+ rF+}
rCorr   .          Rampage  .   (gloves unavailable)
Will    +....                   (boots unavailable)
Stlth   ++........              q - amulet of reflection
HPRegen 1.16/turn               n - +6 ring of dexterity
MPRegen 0.18/turn               f - +6 ring of strength

@: heroic, drained, very slow
A: large, unfitting armour, claws 3, regeneration 1, shaggy fur 1, tough skin 1,
agile 1, robust 1
a: Renounce Religion, Heroism, Finesse, Duel


You were on level 1 of the Swamp.
You worshipped Okawaru.
Okawaru was extremely pleased with you.
You visited 4 branches of the dungeon, and saw 23 of its levels.

You collected 2859 gold pieces.
You spent 1419 gold pieces at shops.


Innate Abilities, Weirdness & Mutations

You are too large for most types of armour.
You have claws for hands.
Your natural rate of healing is unusually fast.
You are covered in fur. (AC +1)
You have tough skin. (AC +1)
You are agile. (Dex +4, Str/Int -1)
You are robust. (+10% HP)


   Skills:
 - Level 10.0(15.0) Fighting
 - Level 9.0(14.0) Throwing
 - Level 4.1(9.1) Armour
 - Level 6.0(11.0) Dodging
 + Level 21.1(26.1) Unarmed Combat
 - Level 1.0 Spellcasting
 - Level 2.1 Fire Magic
 - Level 10.0 Invocations


You had 17 spell levels left.
You didn't know any spells.
Your spell library contained the following spells:

 Spells                   Type           Power      Damage    Failure   Level
 Scorch                   Fire           8%         2d5       28%         2

Inventory:

Missiles
 d - 10 javelins
 k - 32 large rocks (quivered)
 v - a silver javelin
 w - 2 silver boomerangs
 x - 21 boomerangs
Armour
 e - +5 swamp dragon scales (worn)
 g - a +0 cloak
 t - a scarf of resistance (worn)
Jewellery
 f - a +6 ring of strength (right claw)
 n - a +6 ring of dexterity (left claw)
 o - a ring of ice
 q - an amulet of reflection (around neck)
 s - a ring of fire
Scrolls
 a - 3 scrolls of enchant weapon
 l - 16 scrolls of identify
 p - 3 scrolls of brand weapon
Potions
 b - 2 potions of resistance
 c - 14 potions of curing
 h - 4 potions of mutation
 i - 11 potions of might
 r - 2 potions of magic
 u - a potion of haste

Dungeon Overview and Level Annotations

Branches:
Dungeon (15/15)            Temple (0/1) D:5            Lair (5/5) D:10
  Swamp (1/4) Lair:2        Snake (0/4) Lair:2        Slime (0/5) Lair:4
    Orc (2/2) D:12            Elf (0/3) Orc:2        Vaults (0/5) D:13
 Depths (0/4) D:15

Altars:
Dithmenos
Makhleb
Okawaru
Qazlal
Sif Muna
Vehumet
Wu Jian
Yredelemnul
Jiyva

Shops:
D:2 (   D:8 *?=*   D:10 ?*?[   D:14 ([   Orc:2 !(!:

Portals:
Hell: Lair:5
Pandemonium: Orc:2

Annotations:
D:5 1 runed translucent door, qw's ghost, novice TeWr
D:7 1 runed translucent door, Crazy Yiuf
D:8 3 runed translucent doors, qw's ghost, novice TeWr


Message History

A swamp drake and a swamp worm come into view.
Found a dagger and a chain mail.
Enter note:
23122 ||| READING scroll of teleportation.
As you read the scroll of teleportation, it crumbles to dust.
You feel strangely unstable.
The swamp worm fires a harpoon shot at you.
The harpoon shot misses you.
You enter the shallow water.
Moving in this stuff is going to be slow.
Found 17 gold pieces and a scale mail.
The swamp worm fires a harpoon shot at you.
The harpoon shot hits you.
You are yanked forward by the harpoon shot.
Splash!
The swamp worm barely misses you.
You eviscerate the swamp worm!!!
You kill the swamp worm!
Okawaru accepts your kill.
You start resting.
Your surroundings suddenly seem different.
You start resting.
Your claws slow down.
You feel like a meek peon again.
A ghost crab is nearby!
23140 ||| INVOKING Heroism.
You gain the combat prowess of a mighty hero.
You enter the shallow water.
Moving in this stuff is going to be slow.
You see here 4 stones.
You enter the shallow water.
Moving in this stuff is going to be slow.
The ghost crab barely misses you. The ghost crab claws you.
You barely miss the ghost crab. The ghost crab completely misses you.
The ghost crab claws you!
You feel drained.
You barely miss the ghost crab. You barely miss the ghost crab.
The ghost crab bites you!
You die... ..777777~.~~~~.~¤77 .....77~.~7..~..77 ...[..77....~7~77 ###...77...~7777 ))#.[.77~...777 7777777777

))#...7.~~~~.~7 7777..~..~..7777
))#..777~~~~..777.~............7
###..7 7~~~...~~..~..........~~7
..[.77 7.....~~t@(.~7.~..~~~..77
77777777Z...>7~~~~~<%~~..%~~~..77
7 777(Z777..~.~~¤...~...7...~~.7
7 7.).Z¤77.~~....77...).....~~~.
7 7#Zt0Z7..~.777..~....~~~~~~~~.
7~~¤~~0¤....777.~~......¤~~~~~~.
7~~¤Z~¤0...~.7 7.¤~~..7~...~~~~~.
~~~~¤¤¤.~..~~.7~..~~....~77.~~~~.
.~~~....7.Z¤..7....7..~7777.~~~~.


You could see a ghost crab.

Vanquished Creatures
  Mlioglotl (Swamp:1)
  Frances (D:14)
  Kirke (Lair:5)
  2 orc warlords (Orc:2)
  A stone giant (D:15)
  An eleionoma (Swamp:1)
  An ettin (Orc:2)
  14 hydras
  5 boulder beetles
  Harold (D:10)
  A ghost crab (Swamp:1)
  4 centaur warriors
  4 two-headed ogres
  2 demonspawn (Orc:2)
  3 alligators (Swamp:1)
  3 tengu warriors (D:15)
  7 orc high priests (Orc:2)
  3 death yaks (Lair:5)
  3 sun demons
  A spriggan (Swamp:1)
  2 sixfirhies (Orc:2)
  2 spriggan druids (Swamp:1)
  4 lindwurms
  10 orc knights
  2 wizards
  A deep elf archer (D:13)
  2 deep elf pyromancers (D:13)
  6 orc sorcerers (Orc:2)
  7 cyclopes
  4 oklob plants (Lair:2)
  9 ugly things
  5 manticores
  12 slime creatures
  A smoke demon (Lair:5)
  Maurice (D:8)
  A guardian serpent (D:15)
  9 black mambas
  19 elephants
  2 gargoyles
  9 cane toads
  2 orange demons (Lair:5)
  2 unseen horror zombies (D:8)
  An unseen horror (D:10)
  Maggie (D:7)
  A torpor snail (Lair:5)
  A tengu conjurer (D:15)
  A kobold demonologist (D:13)
  2 freezing wraiths (D:14)
  3 yaktaurs (D:13)
  5 rime drakes (Lair:5)
  2 red devils (Lair:5)
  8 komodo dragons
  An ice devil (Lair:5)
  8 trolls
  A polar bear (shapeshifter) (D:14)
  A tyrant leech (Lair:2)
  A hornet (Swamp:1)
  3 polar bears
  10 blink frogs
  A vampire (D:9)
  2 wraiths
  6 wyverns
  8 basilisks
  47 yaks
  20 fire elementals
  3 humans (Lair:5)
  2 steam dragons (D:9)
  A neqoxec (Orc:2)
  5 vampire mosquitoes
  Menkaure (D:7)
  3 wargs
  6 swamp worms
  21 water moccasins
  Duvessa (D:7)
  4 hell hounds (Lair:5)
  37 orc warriors
  A swamp drake (Swamp:1)
  A sky beast (D:6)
  2 ice beasts
  A hornet zombie (D:8)
  9 wolves
  5 black bears
  2 centaurs
  11 ogres
  A phantom (D:4)
  4 kobold brigands
  8 bullfrogs
  2 necrophages
  A gnoll sergeant (D:12)
  A wyvern zombie (D:8)
  3 scorpions
  24 wights
  Dowan (D:7)
  10 killer bees
  7 howler monkeys
  A centaur zombie (D:8)
  A human zombie (D:8)
  19 orc priests
  A hound (D:5)
  3 iguanas
  13 orc wizards
  A spriggan simulacrum (D:11)
  A statue (D:4)
  A troll simulacrum (D:11)
  A killer bee zombie (D:8)
  3 mummies (D:8)
  3 gnolls (D:12)
  9 adders
  A naga simulacrum (D:11)
  2 shadow imps
  A white imp (D:6)
  2 ufetubi (D:7)
  6 worms
  2 dart slugs (D:3)
  72 orcs
  5 bats
  6 endoplasms
  3 giant cockroaches
  9 goblins
  6 hobgoblins
  4 jackals (D:1)
  4 quokkas
  5 ball pythons
  A frilled lizard (D:2)
  21 kobolds
  7 rats
697 creatures vanquished.

Vanquished Creatures (others)
  A deep elf pyromancer (D:13)
  36 fungi
  35 plants
72 creatures vanquished.

Grand Total: 769 creatures vanquished

Notes
Turn   | Place    | Note
-------+----------+-------------------------------------------
     0 | D:1      | qw the Troll Cinder Acolyte began the quest for the Orb.
     0 | D:1      | Reached XP level 1. HP: 22/22 MP: 1/1
     0 | D:1      | 0 ||| qw: Version: 0.1-a-97-g2dd2ca4
     0 | D:1      | 0 ||| qw: Game counter: 4637
     0 | D:1      | 0 ||| qw: Always use a shield: true
     0 | D:1      | 0 ||| qw: God list: Okawaru
     0 | D:1      | 0 ||| qw: Allow faded altars: false
     0 | D:1      | 0 ||| qw: Do Orc after D:15 true
     0 | D:1      | 0 ||| qw: Do second Lair branch before Depths: true
     0 | D:1      | 0 ||| qw: Lair rune preference: random
     0 | D:1      | 0 ||| qw: Plans: Normal
     0 | D:1      | 0 ||| PLANNING D:1-11
   259 | D:1      | Reached XP level 2. HP: 29/29 MP: 2/2
   431 | D:1      | Noticed an eye of devastation
   433 | D:1      | Found a faded altar of an unknown god.
   435 | D:1      | Noticed a floating eye
   435 | D:1      | Noticed a great orb of eyes
   435 | D:1      | Noticed a floating eye
   458 | D:1      | 458 ||| UPGRADING to ring of positive energy.
   459 | D:1      | 459 ||| UPGRADING to +6 ring of strength.
   460 | D:1      | 460 ||| READING scroll labelled NURUWN ZENKU.
   461 | D:1      | 461 ||| READING scroll labelled IBAEMU WAIWIHA.
   462 | D:1      | 462 ||| Stepping randomly (stuck).
   463 | D:1      | 463 ||| Stepping ~*~*~tactically~*~*~ (cloud).
   576 | D:2      | Noticed a scorpion
   581 | D:2      | Killed a scorpion
   582 | D:2      | Reached skill level 5 in Unarmed Combat
   582 | D:2      | Reached XP level 3. HP: 36/36 MP: 3/3
   582 | D:2      | Reached XP level 4. HP: 44/44 MP: 4/4
   661 | D:2      | 661 ||| Stepping ~*~*~tactically~*~*~ (outnumbered).
   662 | D:2      | 662 ||| Stepping ~*~*~tactically~*~*~ (outnumbered).
   663 | D:2      | 663 ||| Stepping ~*~*~tactically~*~*~ (outnumbered).
   761 | D:2      | Found Inaurhin's Antique Weapon Shoppe.
  1016 | D:2      | 1016 ||| Stepping ~*~*~tactically~*~*~ (stealth).
  1017 | D:2      | 1017 ||| Stepping ~*~*~tactically~*~*~ (stealth).
  1020 | D:2      | 1020 ||| Stepping ~*~*~tactically~*~*~ (stealth).
  1023 | D:2      | 1023 ||| Stepping ~*~*~tactically~*~*~ (outnumbered).
  1024 | D:2      | 1024 ||| Stepping ~*~*~tactically~*~*~ (outnumbered).
  1025 | D:2      | 1025 ||| Stepping ~*~*~tactically~*~*~ (outnumbered).
  1027 | D:2      | 1027 ||| Stepping ~*~*~tactically~*~*~ (outnumbered).
  1028 | D:2      | 1028 ||| Stepping ~*~*~tactically~*~*~ (outnumbered).
  1034 | D:2      | 1034 ||| Stepping ~*~*~tactically~*~*~ (stealth).
  1037 | D:2      | 1037 ||| Stepping ~*~*~tactically~*~*~ (stealth).
  1102 | D:2      | 1102 ||| FLEEEEING.
  1117 | D:2      | 1117 ||| FLEEEEING.
  1118 | D:2      | 1118 ||| FLEEEEING.
  1119 | D:2      | 1119 ||| FLEEEEING.
  1120 | D:2      | 1120 ||| FLEEEEING.
  1129 | D:2      | 1129 ||| FLEEEEING.
  1130 | D:2      | 1130 ||| FLEEEEING.
  1131 | D:2      | 1131 ||| FLEEEEING.
  1132 | D:2      | 1132 ||| FLEEEEING.
  1133 | D:2      | 1133 ||| FLEEEEING.
  1134 | D:2      | 1134 ||| FLEEEEING.
  1296 | D:2      | 1296 ||| UPGRADING to ring of resist corrosion.
  1298 | D:2      | 1298 ||| READING scroll labelled QANASTRA CULUSKUY.
  1320 | D:2      | 1320 ||| READING scroll labelled ONKINN MEIMOX.
  1357 | D:3      | 1357 ||| STAIRDANCE
  1366 | D:3      | Reached XP level 5. HP: 50/50 MP: 5/5
  1450 | D:3      | 1450 ||| Stepping ~*~*~tactically~*~*~ (hiding).
  1451 | D:3      | 1451 ||| Stepping ~*~*~tactically~*~*~ (stealth).
  1455 | D:3      | 1455 ||| Stepping ~*~*~tactically~*~*~ (stealth).
  1465 | D:3      | Reached skill level 6 in Unarmed Combat
  1540 | D:3      | 1540 ||| Stepping ~*~*~tactically~*~*~ (outnumbered).
  1592 | D:3      | 1592 ||| Stepping ~*~*~tactically~*~*~ (stealth).
  1593 | D:3      | 1593 ||| Stepping ~*~*~tactically~*~*~ (stealth).
  1803 | D:3      | Found an iron altar of Okawaru.
  1944 | D:3      | 1944 ||| Stepping ~*~*~tactically~*~*~ (hiding).
  1947 | D:3      | 1947 ||| Stepping ~*~*~tactically~*~*~ (hiding).
  1962 | D:3      | 1962 ||| INVOKING Fiery Armour.
  1969 | D:3      | 1969 ||| Stepping ~*~*~tactically~*~*~ (stealth).
  1974 | D:3      | 1974 ||| Stepping ~*~*~tactically~*~*~ (stealth).
  1979 | D:3      | 1979 ||| Stepping ~*~*~tactically~*~*~ (stealth).
  1980 | D:3      | 1980 ||| Stepping ~*~*~tactically~*~*~ (stealth).
  1993 | D:3      | 1993 ||| Stepping ~*~*~tactically~*~*~ (stealth).
  1994 | D:3      | 1994 ||| Stepping ~*~*~tactically~*~*~ (stealth).
  1996 | D:3      | 1996 ||| Stepping ~*~*~tactically~*~*~ (stealth).
  1997 | D:3      | 1997 ||| Stepping ~*~*~tactically~*~*~ (stealth).
  2135 | D:3      | 2135 ||| READING scroll labelled KAQUSHR GOIPROK.
  2136 | D:3      | 2136 ||| READING scroll labelled LIAHIO HYHIOCS.
  2137 | D:3      | 2137 ||| DRINKING 2 glowing puce potions.
  2138 | D:3      | 2138 ||| DRINKING 2 pink potions.
  2138 | D:3      | Gained mutation: You are agile. (Dex +4, Str/Int -1)
                  | [potion of mutation]
  2138 | D:3      | Gained mutation: You are robust. (+10% HP) [potion of
                  | mutation]
  2143 | D:3      | 2143 ||| READING 3 scrolls of identify.
  2143 | D:3      | 2143 ||| IDENTIFYING fizzy blue potion
  2144 | D:3      | 2144 ||| READING 2 scrolls of identify.
  2144 | D:3      | 2144 ||| IDENTIFYING purple potion
  2145 | D:3      | 2145 ||| DROPPING potion of lignification.
  2158 | D:4      | 2158 ||| PLANNING SEWER
  2182 | D:4      | Noticed an ogre
  2189 | D:4      | Killed an ogre
  2190 | D:4      | Reached skill level 1 in Dodging
  2190 | D:4      | Reached XP level 6. HP: 64/64 MP: 6/6
  2259 | D:4      | 2259 ||| INVOKING Fiery Armour.
  2262 | D:4      | Reached skill level 7 in Unarmed Combat
  2547 | D:4      | 2547 ||| Stepping ~*~*~tactically~*~*~ (stealth).
  2552 | D:4      | 2552 ||| Stepping ~*~*~tactically~*~*~ (outnumbered).
  2553 | D:4      | 2553 ||| Stepping ~*~*~tactically~*~*~ (outnumbered).
  2554 | D:4      | 2554 ||| Stepping ~*~*~tactically~*~*~ (outnumbered).
  2555 | D:4      | 2555 ||| Stepping ~*~*~tactically~*~*~ (outnumbered).
  2556 | D:4      | 2556 ||| Stepping ~*~*~tactically~*~*~ (outnumbered).
  2557 | D:4      | 2557 ||| Stepping ~*~*~tactically~*~*~ (outnumbered).
  2558 | D:4      | 2558 ||| Stepping ~*~*~tactically~*~*~ (outnumbered).
  2559 | D:4      | 2559 ||| Stepping ~*~*~tactically~*~*~ (outnumbered).
  2560 | D:4      | 2560 ||| Stepping ~*~*~tactically~*~*~ (outnumbered).
  2561 | D:4      | 2561 ||| Stepping ~*~*~tactically~*~*~ (outnumbered).
  2562 | D:4      | 2562 ||| Stepping ~*~*~tactically~*~*~ (outnumbered).
  2563 | D:4      | 2563 ||| Stepping ~*~*~tactically~*~*~ (outnumbered).
  2564 | D:4      | 2564 ||| Stepping ~*~*~tactically~*~*~ (outnumbered).
  2565 | D:4      | 2565 ||| Stepping ~*~*~tactically~*~*~ (outnumbered).
  2566 | D:4      | 2566 ||| Stepping ~*~*~tactically~*~*~ (outnumbered).
  2567 | D:4      | 2567 ||| Stepping ~*~*~tactically~*~*~ (outnumbered).
  2570 | D:4      | 2570 ||| Stepping ~*~*~tactically~*~*~ (outnumbered).
  2571 | D:4      | 2571 ||| Stepping ~*~*~tactically~*~*~ (outnumbered).
  2572 | D:4      | 2572 ||| Stepping ~*~*~tactically~*~*~ (outnumbered).
  2573 | D:4      | 2573 ||| Stepping ~*~*~tactically~*~*~ (outnumbered).
  2772 | D:4      | 2772 ||| RIP SEWER
  2790 | D:4      | 2790 ||| PLANNING D:1-11
  2868 | D:4      | Found a radiant altar of Vehumet.
  2869 | D:4      | 2869 ||| Stepping ~*~*~tactically~*~*~ (stealth).
  2871 | D:4      | 2871 ||| INVOKING Fiery Armour.
  2881 | D:4      | Reached XP level 7. HP: 72/72 MP: 7/7
  3111 | D:4      | 3111 ||| DROPPING ring of positive energy.
  3112 | D:4      | 3112 ||| UPGRADING to +6 ring of dexterity.
  3114 | D:4      | 3114 ||| DROPPING ring of resist corrosion.
  3115 | D:4      | 3115 ||| READING scroll labelled VIOKAE XIOSKEO.
  3116 | D:4      | 3116 ||| READING scroll labelled WIZIT PAZO.
  3119 | D:4      | 3119 ||| READING 4 scrolls of identify.
  3119 | D:4      | 3119 ||| IDENTIFYING bubbling pink potion
  3120 | D:4      | 3120 ||| READING 3 scrolls of identify.
  3120 | D:4      | 3120 ||| IDENTIFYING metallic purple potion
  3121 | D:4      | 3121 ||| READING 2 scrolls of identify.
  3121 | D:4      | 3121 ||| IDENTIFYING yellow potion
  3122 | D:4      | 3122 ||| DROPPING potion of ambrosia.
  3123 | D:4      | 3123 ||| DROPPING potion of flight.
  3124 | D:4      | 3124 ||| DROPPING potion of berserk rage.
  3152 | D:5      | Entered Level 5 of the Dungeon
  3201 | D:5      | Found a staircase to the Ecumenical Temple.
  3253 | D:5      | 3253 ||| Stepping ~*~*~tactically~*~*~ (stealth).
  3261 | D:5      | Reached skill level 8 in Unarmed Combat
  3306 | D:5      | Reached skill level 3 in Fighting
  3503 | D:5      | Found a runed translucent door.
  3545 | D:5      | Noticed qw's ghost (novice TeWr)
  3576 | D:5      | 3576 ||| UPGRADING to +0 cloak.
  3581 | D:5      | 3581 ||| DROPPING +6 ring of intelligence.
  3582 | D:5      | 3582 ||| READING 2 scrolls of identify.
  3582 | D:5      | 3582 ||| IDENTIFYING lumpy clear potion
  3583 | D:5      | 3583 ||| DROPPING potion of brilliance.
  3613 | D:6      | 3613 ||| STAIRDANCE
  3794 | D:6      | 3794 ||| FLEEEEING.
  3795 | D:6      | 3795 ||| FLEEEEING.
  3796 | D:6      | 3796 ||| FLEEEEING.
  3852 | D:6      | 3852 ||| Stepping ~*~*~tactically~*~*~ (hiding).
  3960 | D:6      | 3960 ||| Stepping ~*~*~tactically~*~*~ (hiding).
  3968 | D:6      | Reached XP level 8. HP: 80/82 MP: 8/8
  3970 | D:6      | Reached skill level 9 in Unarmed Combat
  4445 | D:6      | 4445 ||| Stepping ~*~*~tactically~*~*~ (stealth).
  4448 | D:6      | 4448 ||| Stepping ~*~*~tactically~*~*~ (stealth).
  4450 | D:6      | 4450 ||| Stepping ~*~*~tactically~*~*~ (stealth).
  4452 | D:6      | 4452 ||| Stepping ~*~*~tactically~*~*~ (stealth).
  4465 | D:6      | 4465 ||| INVOKING Fiery Armour.
  4466 | D:6      | HP: 20/82 [poisoned by a kobold brigand (curare-tipped
                  | dart)]
  4467 | D:6      | 4467 ||| READING scroll of teleportation.
  4471 | D:6      | HP: 15/82 [poisoned by a kobold brigand (curare-tipped
                  | dart)]
  4638 | D:6      | 4638 ||| Stepping ~*~*~tactically~*~*~ (stealth).
  4649 | D:6      | Reached skill level 1 in Throwing
  4822 | D:6      | 4822 ||| DROPPING ring of magical power.
  4823 | D:6      | 4823 ||| READING scroll labelled POEFOF PILI.
  5008 | D:7      | 5008 ||| Stepping ~*~*~tactically~*~*~ (stealth).
  5011 | D:7      | 5011 ||| Stepping ~*~*~tactically~*~*~ (stealth).
  5012 | D:7      | Found a shadowy altar of Dithmenos.
  5012 | D:7      | Noticed Menkaure
  5014 | D:7      | 5014 ||| Stepping ~*~*~tactically~*~*~ (hiding).
  5017 | D:7      | Reached skill level 10 in Unarmed Combat
  5020 | D:7      | Killed Menkaure
  5095 | D:7      | Noticed Duvessa
  5096 | D:7      | Noticed Dowan
  5097 | D:7      | 5097 ||| INVOKING Fiery Armour.
  5101 | D:7      | Killed Duvessa
  5107 | D:7      | Killed Dowan
  5136 | D:7      | Noticed a troll
  5144 | D:7      | Killed a troll
  5145 | D:7      | Reached XP level 9. HP: 72/92 MP: 9/9
  5168 | D:7      | Noticed Maggie
  5177 | D:7      | Killed Maggie
  5178 | D:7      | Reached skill level 11 in Unarmed Combat
  5190 | D:7      | 5190 ||| Stepping ~*~*~tactically~*~*~ (stealth).
  5264 | D:7      | Reached skill level 3 in Dodging
  5298 | D:7      | Found the +18 Lear's hauberk
  5499 | D:7      | Found a runed translucent door.
  5500 | D:7      | Noticed Crazy Yiuf
  5781 | D:7      | 5781 ||| UPGRADING to +2 robe.
  5791 | D:7      | 5791 ||| DROPPING +0 robe.
  5792 | D:7      | 5792 ||| UPGRADING to +0 swamp dragon scales.
  5802 | D:7      | 5802 ||| DROPPING +2 robe.
  5882 | D:8      | Reached skill level 1 in Armour
  5905 | D:8      | Found Apsakh's General Store.
  5922 | D:8      | 5922 ||| Stepping ~*~*~tactically~*~*~ (hiding).
  5923 | D:8      | 5923 ||| Stepping ~*~*~tactically~*~*~ (hiding).
  5932 | D:8      | 5932 ||| Stepping ~*~*~tactically~*~*~ (stealth).
  5934 | D:8      | 5934 ||| Stepping ~*~*~tactically~*~*~ (stealth).
  5936 | D:8      | 5936 ||| Stepping ~*~*~tactically~*~*~ (stealth).
  5939 | D:8      | 5939 ||| Stepping ~*~*~tactically~*~*~ (hiding).
  5949 | D:8      | 5949 ||| FLEEEEING.
  5950 | D:8      | 5950 ||| FLEEEEING.
  5951 | D:8      | 5951 ||| FLEEEEING.
  5952 | D:8      | 5952 ||| FLEEEEING.
  5953 | D:8      | 5953 ||| FLEEEEING.
  5954 | D:8      | 5954 ||| FLEEEEING.
  5955 | D:8      | 5955 ||| FLEEEEING.
  5956 | D:8      | 5956 ||| FLEEEEING.
  5957 | D:8      | 5957 ||| FLEEEEING.
  5958 | D:8      | 5958 ||| FLEEEEING.
  5959 | D:8      | 5959 ||| FLEEEEING.
  5960 | D:8      | 5960 ||| FLEEEEING.
  5961 | D:8      | 5961 ||| FLEEEEING.
  5962 | D:8      | 5962 ||| FLEEEEING.
  5963 | D:8      | 5963 ||| FLEEEEING.
  5964 | D:8      | 5964 ||| FLEEEEING.
  5965 | D:8      | 5965 ||| FLEEEEING.
  5966 | D:8      | 5966 ||| FLEEEEING.
  5967 | D:8      | 5967 ||| FLEEEEING.
  5968 | D:8      | 5968 ||| FLEEEEING.
  5969 | D:8      | 5969 ||| FLEEEEING.
  5970 | D:8      | 5970 ||| FLEEEEING.
  5971 | D:8      | 5971 ||| FLEEEEING.
  5972 | D:8      | 5972 ||| FLEEEEING.
  5973 | D:8      | 5973 ||| FLEEEEING.
  5974 | D:8      | 5974 ||| FLEEEEING.
  5975 | D:8      | 5975 ||| FLEEEEING.
  5976 | D:8      | 5976 ||| FLEEEEING.
  5977 | D:8      | 5977 ||| FLEEEEING.
  5978 | D:8      | 5978 ||| FLEEEEING.
  5979 | D:8      | 5979 ||| STAIRDANCE
  6109 | D:8      | 6109 ||| STAIRDANCE
  6111 | D:7      | 6111 ||| Stepping ~*~*~tactically~*~*~ (outnumbered).
  6112 | D:7      | 6112 ||| Stepping ~*~*~tactically~*~*~ (outnumbered).
  6261 | D:8      | Found Loaxeapt's General Store.
  6269 | D:8      | 6269 ||| BUYING potion of heal wounds (55 gold).
  6269 | D:8      | Bought a potion of heal wounds for 55 gold pieces
  6269 | D:8      | 6269 ||| BUYING scroll of enchant weapon (82 gold).
  6269 | D:8      | Bought a scroll of enchant weapon for 82 gold pieces
  6307 | D:8      | Found Ochaudgh's Magic Scroll Emporium.
  6331 | D:8      | Noticed Maurice
  6332 | D:8      | 6332 ||| Stepping ~*~*~tactically~*~*~ (hiding).
  6333 | D:8      | 6333 ||| Stepping ~*~*~tactically~*~*~ (hiding).
  6341 | D:8      | Killed Maurice
  6342 | D:8      | Reached skill level 12 in Unarmed Combat
  6346 | D:8      | 6346 ||| Stepping ~*~*~tactically~*~*~ (hiding).
  6369 | D:8      | Noticed a troll
  6370 | D:8      | Noticed qw's ghost (novice TeWr)
  6380 | D:8      | Identified the +1 mace of Trauma {elec, MP+9}
  6406 | D:8      | 6406 ||| BUYING scroll of brand weapon (142 gold).
  6406 | D:8      | Bought a scroll of brand weapon for 142 gold pieces
  6406 | D:8      | 6406 ||| BUYING scroll of enchant armour (112 gold).
  6406 | D:8      | Bought a scroll of enchant armour for 112 gold pieces
  6406 | D:8      | 6406 ||| BUYING scroll of identify (30 gold).
  6406 | D:8      | Bought a scroll of identify for 30 gold pieces
  6406 | D:8      | 6406 ||| BUYING scroll of identify (30 gold).
  6406 | D:8      | Bought a scroll of identify for 30 gold pieces
  6406 | D:8      | 6406 ||| BUYING scroll of identify (30 gold).
  6406 | D:8      | Bought a scroll of identify for 30 gold pieces
  6406 | D:8      | 6406 ||| BUYING scroll of identify (30 gold).
  6406 | D:8      | Bought a scroll of identify for 30 gold pieces
  6406 | D:8      | 6406 ||| SHOPLISTING scroll of identify (30 gold, have 12).
  6406 | D:8      | 6406 ||| SHOPLISTING scroll of teleportation (45 gold, have
                  | 12).
  6406 | D:8      | 6406 ||| READING scroll of enchant armour.
  6406 | D:8      | 6406 ||| ENCHANTING +0 swamp dragon scales.
  6434 | D:8      | Found a runed translucent gate.
  6435 | D:8      | Found a runed translucent gate.
  6436 | D:8      | 6436 ||| READING 5 scrolls of identify.
  6436 | D:8      | 6436 ||| IDENTIFYING fizzy black potion
  6440 | D:8      | Found a runed translucent gate.
  6447 | D:8      | 6447 ||| Stepping ~*~*~tactically~*~*~ (stealth).
  6455 | D:8      | 6455 ||| INVOKING Fiery Armour.
  6710 | D:8      | Reached XP level 10. HP: 97/102 MP: 10/10
  6717 | D:8      | 6717 ||| Stepping ~*~*~tactically~*~*~ (stealth).
  6778 | D:8      | Found a basalt altar of Yredelemnul.
  6796 | D:8      | Reached skill level 13 in Unarmed Combat
  6877 | D:8      | Found Irac's Jewellery Emporium.
  6880 | D:8      | 6880 ||| SHOPLISTING +6 ring of strength (396 gold, have
                  | 67).
  6880 | D:8      | 6880 ||| SHOPLISTING amulet of Zeengoir {Faith Dex+4} (609
                  | gold, have 67).
  6880 | D:8      | 6880 ||| SHOPLISTING ring of fire (275 gold, have 67).
  7012 | D:8      | Found an ornate altar of the Wu Jian Council.
  7057 | D:8      | 7057 ||| DROPPING amulet of magic regeneration.
  7058 | D:8      | 7058 ||| READING 4 scrolls of identify.
  7058 | D:8      | 7058 ||| IDENTIFYING sedimented pink potion
  7059 | D:8      | 7059 ||| DROPPING potion of attraction.
  7060 | D:8      | 7060 ||| DROPPING potion of degeneration.
  7113 | D:9      | 7113 ||| Stepping ~*~*~tactically~*~*~ (hiding).
  7115 | D:9      | 7115 ||| Stepping ~*~*~tactically~*~*~ (hiding).
  7117 | D:9      | 7117 ||| Stepping ~*~*~tactically~*~*~ (hiding).
  7276 | D:9      | Noticed a boulder beetle
  7277 | D:9      | 7277 ||| INVOKING Fiery Armour.
  7329 | D:9      | Killed a boulder beetle
  7385 | D:9      | Found a stormy altar of Qazlal.
  7392 | D:9      | Reached skill level 14 in Unarmed Combat
  7421 | D:9      | 7421 ||| Stepping ~*~*~tactically~*~*~ (stealth).
  7461 | D:9      | Found a flagged portal.
  7610 | D:9      | 7610 ||| Stepping ~*~*~tactically~*~*~ (hiding).
  7618 | D:9      | Reached skill level 3 in Armour
  7739 | D:9      | Noticed a two-headed ogre
  7740 | D:9      | 7740 ||| Stepping ~*~*~tactically~*~*~ (stealth).
  7748 | D:9      | Killed a two-headed ogre
  7823 | D:9      | 7823 ||| Stepping ~*~*~tactically~*~*~ (outnumbered).
  7824 | D:9      | 7824 ||| Stepping ~*~*~tactically~*~*~ (outnumbered).
  7826 | D:9      | 7826 ||| Stepping ~*~*~tactically~*~*~ (outnumbered).
  7829 | D:9      | 7829 ||| Stepping ~*~*~tactically~*~*~ (outnumbered).
  7831 | D:9      | Reached skill level 6 in Fighting
  8089 | D:9      | 8089 ||| READING scroll labelled HIEDURCHEHY.
  8090 | D:9      | 8090 ||| READING scroll labelled PYNATI REQAGU.
  8112 | D:10     | Entered Level 10 of the Dungeon
  8128 | D:10     | Found Kihi Ser's Magic Scroll Shop.
  8139 | D:10     | Found a staircase to the Lair.
  8145 | D:10     | 8145 ||| SHOPLISTING scroll of brand weapon (114 gold, have
                  | 104).
  8145 | D:10     | 8145 ||| BUYING scroll of enchant armour (90 gold).
  8145 | D:10     | Bought a scroll of enchant armour for 90 gold pieces
  8145 | D:10     | 8145 ||| SHOPLISTING scroll of enchant armour (90 gold,
                  | have 14).
  8145 | D:10     | 8145 ||| SHOPLISTING scroll of identify (24 gold, have 14).
  8145 | D:10     | 8145 ||| SHOPLISTING scroll of teleportation (36 gold, have
                  | 14).
  8145 | D:10     | 8145 ||| READING scroll of enchant armour.
  8145 | D:10     | 8145 ||| ENCHANTING +1 swamp dragon scales.
  8173 | D:10     | Reached XP level 11. HP: 101/115 MP: 11/11
  8189 | D:10     | 8189 ||| Stepping ~*~*~tactically~*~*~ (stealth).
  8191 | D:10     | 8191 ||| Stepping ~*~*~tactically~*~*~ (stealth).
  8231 | D:10     | Found a shimmering blue altar of Sif Muna.
  8234 | D:10     | Noticed Harold
  8235 | D:10     | 8235 ||| Stepping ~*~*~tactically~*~*~ (hiding).
  8244 | D:10     | Killed Harold
  8645 | D:10     | Found Roeskyech's Assorted Antiques.
  8687 | D:10     | 8687 ||| READING scroll of enchant armour.
  8687 | D:10     | 8687 ||| ENCHANTING +2 swamp dragon scales.
  8714 | D:10     | 8714 ||| Stepping ~*~*~tactically~*~*~ (hiding).
  8740 | D:10     | Found Vyugy's Armour Shoppe.
  8823 | D:10     | Reached skill level 15 in Unarmed Combat
  8886 | D:10     | Found Wulekif's Magic Scroll Shop.
  8887 | D:10     | 8887 ||| Stepping ~*~*~tactically~*~*~ (stealth).
  8892 | D:10     | 8892 ||| Stepping ~*~*~tactically~*~*~ (outnumbered).
  8917 | D:10     | 8917 ||| SHOPLISTING scroll of enchant armour (112 gold,
                  | have 96).
  8917 | D:10     | 8917 ||| BUYING scroll of identify (30 gold).
  8917 | D:10     | Bought a scroll of identify for 30 gold pieces
  8917 | D:10     | 8917 ||| BUYING scroll of identify (30 gold).
  8917 | D:10     | Bought a scroll of identify for 30 gold pieces
  8917 | D:10     | 8917 ||| BUYING scroll of identify (30 gold).
  8917 | D:10     | Bought a scroll of identify for 30 gold pieces
  8917 | D:10     | 8917 ||| SHOPLISTING scroll of identify (30 gold, have 6).
  8917 | D:10     | 8917 ||| SHOPLISTING scroll of teleportation (45 gold, have
                  | 6).
  9073 | D:10     | 9073 ||| READING 8 scrolls of identify.
  9073 | D:10     | 9073 ||| IDENTIFYING glowing clear potion
  9253 | D:10     | 9253 ||| READING 2 scrolls of teleportation.
  9254 | D:10     | 9254 ||| STAIRDANCE
  9280 | D:11     | 9280 ||| Stepping ~*~*~tactically~*~*~ (stealth).
  9282 | D:11     | 9282 ||| Stepping ~*~*~tactically~*~*~ (stealth).
  9356 | D:11     | Noticed a centaur warrior
  9357 | D:11     | 9357 ||| Stepping ~*~*~tactically~*~*~ (stealth).
  9359 | D:11     | 9359 ||| Stepping ~*~*~tactically~*~*~ (hiding).
  9366 | D:11     | Killed a centaur warrior
  9442 | D:11     | Found a frozen archway.
  9447 | D:11     | 9447 ||| FLEEEEING.
  9456 | D:11     | 9456 ||| FLEEEEING.
  9457 | D:11     | 9457 ||| FLEEEEING.
  9458 | D:11     | 9458 ||| FLEEEEING.
  9459 | D:11     | 9459 ||| FLEEEEING.
  9460 | D:11     | 9460 ||| FLEEEEING.
  9461 | D:11     | 9461 ||| FLEEEEING.
  9461 | D:11     | Noticed a two-headed ogre
  9462 | D:11     | 9462 ||| FLEEEEING.
  9463 | D:11     | 9463 ||| FLEEEEING.
  9464 | D:11     | 9464 ||| FLEEEEING.
  9467 | D:11     | 9467 ||| FLEEEEING.
  9468 | D:11     | 9468 ||| FLEEEEING.
  9469 | D:11     | 9469 ||| FLEEEEING.
  9470 | D:11     | 9470 ||| FLEEEEING.
  9471 | D:11     | 9471 ||| FLEEEEING.
  9473 | D:11     | 9473 ||| FLEEEEING.
  9474 | D:11     | 9474 ||| FLEEEEING.
  9475 | D:11     | 9475 ||| FLEEEEING.
  9476 | D:11     | 9476 ||| FLEEEEING.
  9486 | D:11     | Killed a two-headed ogre
  9574 | D:11     | Noticed a boulder beetle
  9575 | D:11     | 9575 ||| INVOKING Fiery Armour.
  9584 | D:11     | Killed a boulder beetle
  9663 | D:11     | Reached skill level 3 in Throwing
  9859 | D:11     | 9859 ||| READING scroll labelled MAANOI TIAPHIJ.
  9937 | D:10     | 9937 ||| SHOPLISTING 2 potions of might (152 gold, have
                  | 43).
  9937 | D:10     | 9937 ||| SHOPLISTING potion of curing (57 gold, have 43).
  9937 | D:10     | 9937 ||| SHOPLISTING potion of resistance (190 gold, have
                  | 43).
  9937 | D:10     | 9937 ||| BUYING scroll of identify (38 gold).
  9937 | D:10     | Bought a scroll of identify for 38 gold pieces
  9937 | D:10     | 9937 ||| READING 2 scrolls of teleportation.
  9938 | D:10     | 9938 ||| PLANNING LAIR
  9986 | Lair:1   | Entered Level 1 of the Lair of Beasts
 10040 | Lair:1   | 10040 ||| Stepping ~*~*~tactically~*~*~ (stealth).
 10144 | Lair:1   | Noticed a lindwurm
 10147 | Lair:1   | 10147 ||| INVOKING Fiery Armour.
 10151 | Lair:1   | Killed a lindwurm
 10152 | Lair:1   | 10152 ||| Stepping ~*~*~tactically~*~*~ (outnumbered).
 10153 | Lair:1   | 10153 ||| Stepping ~*~*~tactically~*~*~ (outnumbered).
 10154 | Lair:1   | 10154 ||| Stepping ~*~*~tactically~*~*~ (outnumbered).
 10155 | Lair:1   | 10155 ||| Stepping ~*~*~tactically~*~*~ (outnumbered).
 10161 | Lair:1   | 10161 ||| Stepping ~*~*~tactically~*~*~ (stealth).
 10172 | Lair:1   | Reached skill level 6 in Throwing
 10175 | Lair:1   | Reached skill level 16 in Unarmed Combat
 10642 | Lair:1   | 10642 ||| INVOKING Fiery Armour.
 10648 | Lair:1   | Reached XP level 12. HP: 109/125 MP: 12/12
 10918 | Lair:1   | 10918 ||| UPGRADING to amulet of reflection.
 10923 | Lair:1   | 10923 ||| READING scroll labelled GICLOCH TYOT.
 11015 | Lair:2   | 11015 ||| Stepping ~*~*~tactically~*~*~ (stealth).
 11016 | Lair:2   | 11016 ||| Stepping ~*~*~tactically~*~*~ (stealth).
 11051 | Lair:2   | Found a staircase to the Snake Pit.
 11070 | Lair:2   | 11070 ||| Stepping ~*~*~tactically~*~*~ (stealth).
 11083 | Lair:2   | 11083 ||| FLEEEEING.
 11084 | Lair:2   | 11084 ||| FLEEEEING.
 11086 | Lair:2   | 11086 ||| FLEEEEING.
 11087 | Lair:2   | 11087 ||| FLEEEEING.
 11089 | Lair:2   | 11089 ||| FLEEEEING.
 11090 | Lair:2   | 11090 ||| FLEEEEING.
 11091 | Lair:2   | 11091 ||| FLEEEEING.
 11092 | Lair:2   | 11092 ||| FLEEEEING.
 11093 | Lair:2   | 11093 ||| FLEEEEING.
 11094 | Lair:2   | 11094 ||| FLEEEEING.
 11098 | Lair:2   | 11098 ||| Stepping ~*~*~tactically~*~*~ (stealth).
 11099 | Lair:2   | 11099 ||| Stepping ~*~*~tactically~*~*~ (stealth).
 11119 | Lair:2   | 11119 ||| Stepping ~*~*~tactically~*~*~ (stealth).
 11127 | Lair:2   | 11127 ||| FLEEEEING.
 11128 | Lair:2   | 11128 ||| FLEEEEING.
 11129 | Lair:2   | 11129 ||| FLEEEEING.
 11130 | Lair:2   | 11130 ||| FLEEEEING.
 11160 | Lair:2   | 11160 ||| Stepping ~*~*~tactically~*~*~ (stealth).
 11199 | Lair:2   | 11199 ||| Stepping ~*~*~tactically~*~*~ (stealth).
 11202 | Lair:2   | 11202 ||| Stepping ~*~*~tactically~*~*~ (stealth).
 11205 | Lair:2   | 11205 ||| Stepping ~*~*~tactically~*~*~ (stealth).
 11209 | Lair:2   | 11209 ||| Stepping ~*~*~tactically~*~*~ (stealth).
 11210 | Lair:2   | 11210 ||| Stepping ~*~*~tactically~*~*~ (stealth).
 11271 | Lair:2   | 11271 ||| INVOKING Fiery Armour.
 11322 | Lair:2   | Noticed a four-headed hydra
 11332 | Lair:2   | Killed an eight-headed hydra
 11395 | Lair:2   | 11395 ||| INVOKING Fiery Armour.
 11403 | Lair:2   | Reached skill level 17 in Unarmed Combat
 11757 | Lair:2   | 11757 ||| PLANNING CONVERSION TO OKAWARU
 11991 | D:3      | Fell from the grace of Ignis
 11991 | D:3      | Became a worshipper of Warmaster Okawaru
 11992 | D:3      | 11992 ||| PLANNING LAIR
 11992 | D:3      | 11992 ||| READING scroll labelled QICYORRAAR.
 11993 | D:3      | 11993 ||| READING 9 scrolls of identify.
 11993 | D:3      | 11993 ||| IDENTIFYING brown potion
 11994 | D:3      | 11994 ||| DROPPING potion of invisibility.
 12312 | Lair:2   | 12312 ||| Stepping ~*~*~tactically~*~*~ (outnumbered).
 12313 | Lair:2   | 12313 ||| Stepping ~*~*~tactically~*~*~ (outnumbered).
 12322 | Lair:2   | Reached * piety under Okawaru
 12323 | Lair:2   | 12323 ||| INVOKING Heroism.
 12324 | Lair:2   | 12324 ||| INVOKING Heroism.
 12405 | Lair:2   | 12405 ||| Stepping ~*~*~tactically~*~*~ (hiding).
 12424 | Lair:2   | 12424 ||| INVOKING Heroism.
 12425 | Lair:2   | Found a staircase to the Swamp.
 12430 | Lair:2   | Reached skill level 1 in Invocations
 12704 | Lair:3   | 12704 ||| INVOKING Heroism.
 12706 | Lair:3   | 12706 ||| STAIRDANCE
 12734 | Lair:3   | 12734 ||| INVOKING Heroism.
 12804 | Lair:3   | 12804 ||| Stepping ~*~*~tactically~*~*~ (stealth).
 12913 | Lair:3   | 12913 ||| Stepping ~*~*~tactically~*~*~ (outnumbered).
 12916 | Lair:3   | 12916 ||| Stepping ~*~*~tactically~*~*~ (outnumbered).
 12990 | Lair:3   | 12990 ||| Stepping ~*~*~tactically~*~*~ (stealth).
 13000 | Lair:3   | Reached XP level 13. HP: 136/136 MP: 12/14
 13001 | Lair:3   | 13001 ||| INVOKING Heroism.
 13005 | Lair:3   | Reached ** piety under Okawaru
 13010 | Lair:3   | Reached skill level 3 in Invocations
 13100 | Lair:3   | 13100 ||| Stepping ~*~*~tactically~*~*~ (outnumbered).
 13101 | Lair:3   | 13101 ||| Stepping ~*~*~tactically~*~*~ (outnumbered).
 13104 | Lair:3   | 13104 ||| Stepping ~*~*~tactically~*~*~ (outnumbered).
 13108 | Lair:3   | 13108 ||| Stepping ~*~*~tactically~*~*~ (outnumbered).
 13113 | Lair:3   | Reached skill level 18 in Unarmed Combat
 13132 | Lair:3   | 13132 ||| Stepping ~*~*~tactically~*~*~ (outnumbered).
 13133 | Lair:3   | 13133 ||| Stepping ~*~*~tactically~*~*~ (outnumbered).
 13252 | Lair:3   | 13252 ||| READING scroll of enchant armour.
 13252 | Lair:3   | 13252 ||| ENCHANTING +3 swamp dragon scales.
 13339 | Lair:3   | 13339 ||| Stepping ~*~*~tactically~*~*~ (outnumbered).
 13340 | Lair:3   | 13340 ||| Stepping ~*~*~tactically~*~*~ (outnumbered).
 13341 | Lair:3   | 13341 ||| Stepping ~*~*~tactically~*~*~ (outnumbered).
 13342 | Lair:3   | 13342 ||| Stepping ~*~*~tactically~*~*~ (outnumbered).
 13343 | Lair:3   | 13343 ||| Stepping ~*~*~tactically~*~*~ (outnumbered).
 13348 | Lair:3   | Reached *** piety under Okawaru
 13388 | Lair:3   | 13388 ||| INVOKING Heroism.
 13639 | Lair:3   | 13639 ||| DROPPING ring of willpower.
 13640 | Lair:3   | 13640 ||| DRINKING 2 dark potions.
 13652 | Lair:4   | 13652 ||| INVOKING Heroism.
 13671 | Lair:4   | 13671 ||| Stepping ~*~*~tactically~*~*~ (stealth).
 13673 | Lair:4   | 13673 ||| INVOKING Heroism.
 13721 | Lair:4   | 13721 ||| READING scroll of enchant armour.
 13721 | Lair:4   | 13721 ||| ENCHANTING +4 swamp dragon scales.
 13751 | Lair:4   | 13751 ||| INVOKING Heroism.
 13757 | Lair:4   | 13757 ||| Stepping ~*~*~tactically~*~*~ (outnumbered).
 13758 | Lair:4   | 13758 ||| Stepping ~*~*~tactically~*~*~ (outnumbered).
 13759 | Lair:4   | 13759 ||| Stepping ~*~*~tactically~*~*~ (outnumbered).
 13760 | Lair:4   | 13760 ||| Stepping ~*~*~tactically~*~*~ (outnumbered).
 13886 | Lair:4   | 13886 ||| INVOKING Heroism.
 13916 | Lair:4   | Reached **** piety under Okawaru
 13929 | Lair:4   | 13929 ||| Stepping ~*~*~tactically~*~*~ (outnumbered).
 13930 | Lair:4   | 13930 ||| Stepping ~*~*~tactically~*~*~ (outnumbered).
 13931 | Lair:4   | 13931 ||| Stepping ~*~*~tactically~*~*~ (outnumbered).
 13932 | Lair:4   | 13932 ||| Stepping ~*~*~tactically~*~*~ (outnumbered).
 13933 | Lair:4   | 13933 ||| Stepping ~*~*~tactically~*~*~ (outnumbered).
 13934 | Lair:4   | 13934 ||| Stepping ~*~*~tactically~*~*~ (outnumbered).
 13935 | Lair:4   | 13935 ||| Stepping ~*~*~tactically~*~*~ (outnumbered).
 13936 | Lair:4   | 13936 ||| Stepping ~*~*~tactically~*~*~ (outnumbered).
 13988 | Lair:4   | Found a staircase to the Slime Pits.
 13988 | Lair:4   | Found a viscous altar of Jiyva.
 13990 | Lair:4   | 13990 ||| INVOKING Heroism.
 13996 | Lair:4   | 13996 ||| Stepping ~*~*~tactically~*~*~ (outnumbered).
 14429 | Lair:5   | Entered Level 5 of the Lair of Beasts
 14430 | Lair:5   | 14430 ||| STAIRDANCE
 14437 | Lair:5   | 14437 ||| INVOKING Heroism.
 14438 | Lair:5   | 14438 ||| STAIRDANCE
 14636 | Lair:5   | 14636 ||| INVOKING Heroism.
 14708 | Lair:5   | 14708 ||| INVOKING Heroism.
 14714 | Lair:5   | Reached ***** piety under Okawaru
 14721 | Lair:5   | 14721 ||| Stepping ~*~*~tactically~*~*~ (stealth).
 14729 | Lair:5   | 14729 ||| INVOKING Heroism.
 14748 | Lair:5   | Reached skill level 6 in Invocations
 14770 | Lair:5   | 14770 ||| Stepping ~*~*~tactically~*~*~ (stealth).
 14771 | Lair:5   | 14771 ||| Stepping ~*~*~tactically~*~*~ (stealth).
 14773 | Lair:5   | 14773 ||| INVOKING Heroism.
 14778 | Lair:5   | Received a gift from Okawaru
 14785 | Lair:5   | 14785 ||| Stepping ~*~*~tactically~*~*~ (stealth).
 14791 | Lair:5   | 14791 ||| Stepping ~*~*~tactically~*~*~ (stealth).
 14796 | Lair:5   | 14796 ||| INVOKING Finesse.
 14804 | Lair:5   | 14804 ||| INVOKING Heroism.
 14847 | Lair:5   | 14847 ||| INVOKING Heroism.
 14848 | Lair:5   | 14848 ||| INVOKING Finesse.
 14853 | Lair:5   | Noticed Kirke
 14858 | Lair:5   | Received a gift from Okawaru
 14863 | Lair:5   | Killed Kirke
 14925 | Lair:5   | 14925 ||| Stepping ~*~*~tactically~*~*~ (stealth).
 14926 | Lair:5   | 14926 ||| Stepping ~*~*~tactically~*~*~ (stealth).
 14933 | Lair:5   | Reached XP level 14. HP: 149/149 MP: 18/18
 14985 | Lair:5   | 14985 ||| INVOKING Heroism.
 14986 | Lair:5   | 14986 ||| INVOKING Finesse.
 15038 | Lair:5   | 15038 ||| Stepping ~*~*~tactically~*~*~ (stealth).
 15039 | Lair:5   | 15039 ||| Stepping ~*~*~tactically~*~*~ (stealth).
 15048 | Lair:5   | 15048 ||| INVOKING Heroism.
 15049 | Lair:5   | 15049 ||| INVOKING Finesse.
 15118 | Lair:5   | 15118 ||| INVOKING Heroism.
 15119 | Lair:5   | 15119 ||| INVOKING Finesse.
 15132 | Lair:5   | 15132 ||| Stepping ~*~*~tactically~*~*~ (outnumbered).
 15134 | Lair:5   | 15134 ||| Stepping ~*~*~tactically~*~*~ (outnumbered).
 15135 | Lair:5   | 15135 ||| Stepping ~*~*~tactically~*~*~ (outnumbered).
 15149 | Lair:5   | Received a gift from Okawaru
 15362 | Lair:5   | 15362 ||| Stepping ~*~*~tactically~*~*~ (hiding).
 15363 | Lair:5   | 15363 ||| Stepping ~*~*~tactically~*~*~ (hiding).
 15445 | Lair:5   | 15445 ||| Stepping ~*~*~tactically~*~*~ (outnumbered).
 15627 | Lair:5   | Was forgiven by Ignis
 15640 | Lair:5   | 15640 ||| INVOKING Heroism.
 15641 | Lair:5   | 15641 ||| Stepping ~*~*~tactically~*~*~ (stealth).
 15643 | Lair:5   | 15643 ||| INVOKING Finesse.
 15649 | Lair:5   | Received a gift from Okawaru
 15706 | Lair:5   | 15706 ||| Stepping ~*~*~tactically~*~*~ (hiding).
 15724 | Lair:5   | Found a burning altar of Makhleb.
 15725 | Lair:5   | 15725 ||| Stepping ~*~*~tactically~*~*~ (hiding).
 15730 | Lair:5   | 15730 ||| INVOKING Heroism.
 15731 | Lair:5   | 15731 ||| INVOKING Finesse.
 15733 | Lair:5   | 15733 ||| Stepping ~*~*~tactically~*~*~ (outnumbered).
 15741 | Lair:5   | Received a gift from Okawaru
 15751 | Lair:5   | 15751 ||| Stepping ~*~*~tactically~*~*~ (outnumbered).
 15821 | Lair:5   | Found a gateway to Hell.
 15896 | Lair:5   | 15896 ||| PLANNING D
 15896 | Lair:5   | 15896 ||| UPGRADING to scarf of resistance.
 16045 | D:12     | 16045 ||| Stepping ~*~*~tactically~*~*~ (hiding).
 16054 | D:12     | 16054 ||| Stepping ~*~*~tactically~*~*~ (stealth).
 16056 | D:12     | 16056 ||| Stepping ~*~*~tactically~*~*~ (hiding).
 16079 | D:12     | 16079 ||| Stepping ~*~*~tactically~*~*~ (stealth).
 16095 | D:12     | Found a staircase to the Orcish Mines.
 16134 | D:12     | 16134 ||| Stepping ~*~*~tactically~*~*~ (hiding).
 16349 | D:12     | 16349 ||| Stepping ~*~*~tactically~*~*~ (hiding).
 16359 | D:12     | Reached skill level 19 in Unarmed Combat
 16421 | D:12     | 16421 ||| INVOKING Heroism.
 16422 | D:12     | 16422 ||| INVOKING Finesse.
 16426 | D:12     | Received a gift from Okawaru
 16481 | D:12     | 16481 ||| INVOKING Heroism.
 16483 | D:12     | 16483 ||| Stepping ~*~*~tactically~*~*~ (outnumbered).
 16490 | D:12     | 16490 ||| Stepping ~*~*~tactically~*~*~ (outnumbered).
 16521 | D:12     | 16521 ||| Stepping ~*~*~tactically~*~*~ (stealth).
 16523 | D:12     | 16523 ||| Stepping ~*~*~tactically~*~*~ (stealth).
 16536 | D:12     | 16536 ||| Stepping ~*~*~tactically~*~*~ (outnumbered).
 16542 | D:12     | Reached skill level 9 in Invocations
 16727 | D:12     | You fall into a shaft and drop 2 floors!
 16728 | D:14     | 16728 ||| PLANNING BAZAAR
 16728 | D:14     | Found Sewitut's Armour Shoppe.
 16806 | D:14     | 16806 ||| INVOKING Heroism.
 16807 | D:14     | 16807 ||| INVOKING Finesse.
 16936 | D:14     | 16936 ||| FLEEEEING.
 16937 | D:14     | 16937 ||| STAIRDANCE
 16941 | D:13     | 16941 ||| INVOKING Heroism.
 17032 | D:14     | 17032 ||| INVOKING Heroism.
 17102 | D:14     | 17102 ||| FLEEEEING.
 17103 | D:14     | 17103 ||| FLEEEEING.
 17112 | D:14     | 17112 ||| STAIRDANCE
 17347 | D:14     | 17347 ||| Stepping ~*~*~tactically~*~*~ (hiding).
 17498 | D:14     | 17498 ||| INVOKING Heroism.
 17499 | D:14     | 17499 ||| INVOKING Finesse.
 17609 | D:14     | 17609 ||| Stepping ~*~*~tactically~*~*~ (hiding).
 17844 | D:14     | Found Nuogau's Antique Weapon Emporium.
 17845 | D:14     | 17845 ||| DROPPING amulet of regeneration.
 17848 | D:14     | 17848 ||| INVOKING Heroism.
 17849 | D:14     | 17849 ||| INVOKING Finesse.
 17859 | D:14     | Reached skill level 9 in Fighting
 17951 | D:14     | 17951 ||| RIP BAZAAR
 17954 | D:14     | Noticed Frances
 17955 | D:14     | 17955 ||| PLANNING D
 17955 | D:14     | 17955 ||| INVOKING Heroism.
 17956 | D:14     | 17956 ||| INVOKING Finesse.
 17962 | D:14     | Killed Frances
 17962 | D:14     | Received a gift from Okawaru
 18123 | D:13     | 18123 ||| Stepping ~*~*~tactically~*~*~ (hiding).
 18148 | D:13     | 18148 ||| Stepping ~*~*~tactically~*~*~ (hiding).
 18149 | D:13     | 18149 ||| Stepping ~*~*~tactically~*~*~ (hiding).
 18163 | D:13     | 18163 ||| INVOKING Heroism.
 18164 | D:13     | 18164 ||| INVOKING Finesse.
 18169 | D:13     | 18169 ||| Stepping ~*~*~tactically~*~*~ (outnumbered).
 18170 | D:13     | 18170 ||| Stepping ~*~*~tactically~*~*~ (outnumbered).
 18171 | D:13     | 18171 ||| Stepping ~*~*~tactically~*~*~ (outnumbered).
 18172 | D:13     | 18172 ||| Stepping ~*~*~tactically~*~*~ (outnumbered).
 18173 | D:13     | 18173 ||| Stepping ~*~*~tactically~*~*~ (outnumbered).
 18174 | D:13     | 18174 ||| Stepping ~*~*~tactically~*~*~ (outnumbered).
 18175 | D:13     | 18175 ||| Stepping ~*~*~tactically~*~*~ (outnumbered).
 18235 | D:13     | 18235 ||| READING 17 scrolls of identify.
 18235 | D:13     | 18235 ||| IDENTIFYING clear potion
 18325 | D:13     | 18325 ||| Stepping ~*~*~tactically~*~*~ (hiding).
 18326 | D:13     | 18326 ||| Stepping ~*~*~tactically~*~*~ (hiding).
 18328 | D:13     | 18328 ||| Stepping ~*~*~tactically~*~*~ (outnumbered).
 18330 | D:13     | 18330 ||| Stepping ~*~*~tactically~*~*~ (outnumbered).
 18342 | D:13     | 18342 ||| Stepping ~*~*~tactically~*~*~ (hiding).
 18343 | D:13     | 18343 ||| INVOKING Heroism.
 18350 | D:13     | Reached XP level 15. HP: 143/160 MP: 18/21
 18353 | D:13     | 18353 ||| Stepping ~*~*~tactically~*~*~ (outnumbered).
 18354 | D:13     | 18354 ||| Stepping ~*~*~tactically~*~*~ (outnumbered).
 18355 | D:13     | 18355 ||| Stepping ~*~*~tactically~*~*~ (outnumbered).
 18356 | D:13     | 18356 ||| Stepping ~*~*~tactically~*~*~ (outnumbered).
 18357 | D:13     | 18357 ||| Stepping ~*~*~tactically~*~*~ (outnumbered).
 18359 | D:13     | 18359 ||| Stepping ~*~*~tactically~*~*~ (outnumbered).
 18360 | D:13     | 18360 ||| Stepping ~*~*~tactically~*~*~ (outnumbered).
 18362 | D:13     | 18362 ||| Stepping ~*~*~tactically~*~*~ (hiding).
 18365 | D:13     | 18365 ||| Stepping ~*~*~tactically~*~*~ (outnumbered).
 18369 | D:13     | 18369 ||| Stepping ~*~*~tactically~*~*~ (outnumbered).
 18371 | D:13     | 18371 ||| Stepping ~*~*~tactically~*~*~ (outnumbered).
 18374 | D:13     | 18374 ||| Stepping ~*~*~tactically~*~*~ (outnumbered).
 18375 | D:13     | 18375 ||| Stepping ~*~*~tactically~*~*~ (outnumbered).
 18377 | D:13     | 18377 ||| Stepping ~*~*~tactically~*~*~ (outnumbered).
 18387 | D:13     | HP: 37/160 [orc knight/+1 glaive (17)]
 18388 | D:13     | 18388 ||| READING 5 scrolls of teleportation.
 18389 | D:13     | 18389 ||| DRINKING 4 potions of heal wounds.
 18390 | D:13     | 18390 ||| DRINKING 3 potions of heal wounds.
 18577 | D:13     | 18577 ||| Stepping ~*~*~tactically~*~*~ (hiding).
 18581 | D:13     | Received a gift from Okawaru
 18583 | D:13     | 18583 ||| INVOKING Heroism.
 18584 | D:13     | 18584 ||| Stepping ~*~*~tactically~*~*~ (outnumbered).
 18594 | D:13     | 18594 ||| Stepping ~*~*~tactically~*~*~ (hiding).
 18701 | D:13     | Found a gate to the Vaults.
 19168 | D:15     | Entered Level 15 of the Dungeon
 19171 | D:15     | 19171 ||| FLEEEEING.
 19172 | D:15     | 19172 ||| STAIRDANCE
 19212 | D:15     | 19212 ||| Stepping ~*~*~tactically~*~*~ (stealth).
 19267 | D:15     | Found a staircase to the Depths.
 19268 | D:15     | 19268 ||| INVOKING Heroism.
 19270 | D:15     | Received a gift from Okawaru
 19363 | D:15     | 19363 ||| Stepping ~*~*~tactically~*~*~ (hiding).
 19486 | D:15     | 19486 ||| Stepping ~*~*~tactically~*~*~ (stealth).
 19490 | D:15     | 19490 ||| Stepping ~*~*~tactically~*~*~ (hiding).
 19495 | D:15     | 19495 ||| INVOKING Heroism.
 19496 | D:15     | 19496 ||| INVOKING Finesse.
 19506 | D:15     | Received a gift from Okawaru
 19507 | D:15     | Reached skill level 20 in Unarmed Combat
 19717 | D:15     | 19717 ||| Stepping ~*~*~tactically~*~*~ (hiding).
 19955 | D:15     | 19955 ||| INVOKING Heroism.
 19961 | D:15     | Received a gift from Okawaru
 19962 | D:15     | Reached skill level 9 in Throwing
 20104 | D:15     | 20104 ||| PLANNING ORC
 20104 | D:15     | 20104 ||| DROPPING ring of flight.
 20105 | D:15     | 20105 ||| READING scroll labelled FOAT KIPHAE.
 20160 | Orc:1    | Entered Level 1 of the Orcish Mines
 20161 | Orc:1    | 20161 ||| INVOKING Heroism.
 20165 | Orc:1    | 20165 ||| Stepping ~*~*~tactically~*~*~ (outnumbered).
 20166 | Orc:1    | 20166 ||| Stepping ~*~*~tactically~*~*~ (outnumbered).
 20167 | Orc:1    | 20167 ||| Stepping ~*~*~tactically~*~*~ (outnumbered).
 20168 | Orc:1    | 20168 ||| Stepping ~*~*~tactically~*~*~ (outnumbered).
 20169 | Orc:1    | 20169 ||| Stepping ~*~*~tactically~*~*~ (outnumbered).
 20170 | Orc:1    | 20170 ||| Stepping ~*~*~tactically~*~*~ (outnumbered).
 20171 | Orc:1    | 20171 ||| Stepping ~*~*~tactically~*~*~ (outnumbered).
 20172 | Orc:1    | 20172 ||| Stepping ~*~*~tactically~*~*~ (outnumbered).
 20173 | Orc:1    | 20173 ||| Stepping ~*~*~tactically~*~*~ (outnumbered).
 20174 | Orc:1    | 20174 ||| Stepping ~*~*~tactically~*~*~ (outnumbered).
 20175 | Orc:1    | 20175 ||| Stepping ~*~*~tactically~*~*~ (outnumbered).
 20176 | Orc:1    | 20176 ||| Stepping ~*~*~tactically~*~*~ (outnumbered).
 20177 | Orc:1    | 20177 ||| Stepping ~*~*~tactically~*~*~ (outnumbered).
 20178 | Orc:1    | 20178 ||| Stepping ~*~*~tactically~*~*~ (outnumbered).
 20179 | Orc:1    | 20179 ||| Stepping ~*~*~tactically~*~*~ (outnumbered).
 20182 | Orc:1    | 20182 ||| Stepping ~*~*~tactically~*~*~ (outnumbered).
 20183 | Orc:1    | 20183 ||| Stepping ~*~*~tactically~*~*~ (outnumbered).
 20209 | Orc:1    | 20209 ||| Stepping ~*~*~tactically~*~*~ (hiding).
 20229 | Orc:1    | 20229 ||| INVOKING Heroism.
 20233 | Orc:1    | 20233 ||| Stepping ~*~*~tactically~*~*~ (outnumbered).
 20234 | Orc:1    | 20234 ||| Stepping ~*~*~tactically~*~*~ (outnumbered).
 20235 | Orc:1    | 20235 ||| Stepping ~*~*~tactically~*~*~ (outnumbered).
 20236 | Orc:1    | 20236 ||| Stepping ~*~*~tactically~*~*~ (outnumbered).
 20237 | Orc:1    | 20237 ||| Stepping ~*~*~tactically~*~*~ (outnumbered).
 20239 | Orc:1    | 20239 ||| Stepping ~*~*~tactically~*~*~ (outnumbered).
 20240 | Orc:1    | 20240 ||| Stepping ~*~*~tactically~*~*~ (outnumbered).
 20283 | Orc:1    | 20283 ||| INVOKING Heroism.
 20431 | Orc:1    | 20431 ||| INVOKING Heroism.
 20436 | Orc:1    | 20436 ||| Stepping ~*~*~tactically~*~*~ (outnumbered).
 20437 | Orc:1    | 20437 ||| Stepping ~*~*~tactically~*~*~ (outnumbered).
 20438 | Orc:1    | 20438 ||| Stepping ~*~*~tactically~*~*~ (outnumbered).
 20439 | Orc:1    | 20439 ||| Stepping ~*~*~tactically~*~*~ (outnumbered).
 20442 | Orc:1    | 20442 ||| Stepping ~*~*~tactically~*~*~ (outnumbered).
 20443 | Orc:1    | 20443 ||| Stepping ~*~*~tactically~*~*~ (outnumbered).
 20444 | Orc:1    | 20444 ||| Stepping ~*~*~tactically~*~*~ (outnumbered).
 20445 | Orc:1    | 20445 ||| Stepping ~*~*~tactically~*~*~ (outnumbered).
 20446 | Orc:1    | 20446 ||| Stepping ~*~*~tactically~*~*~ (outnumbered).
 20447 | Orc:1    | 20447 ||| Stepping ~*~*~tactically~*~*~ (outnumbered).
 20449 | Orc:1    | 20449 ||| Stepping ~*~*~tactically~*~*~ (outnumbered).
 20666 | Orc:2    | Entered Level 2 of the Orcish Mines
 20671 | Orc:2    | 20671 ||| INVOKING Heroism.
 20672 | Orc:2    | 20672 ||| INVOKING Finesse.
 20732 | Orc:2    | Received a gift from Okawaru
 20773 | Orc:2    | 20773 ||| FLEEEEING.
 20774 | Orc:2    | 20774 ||| FLEEEEING.
 20781 | Orc:2    | 20781 ||| Stepping ~*~*~tactically~*~*~ (hiding).
 20786 | Orc:2    | 20786 ||| Stepping ~*~*~tactically~*~*~ (hiding).
 20794 | Orc:2    | 20794 ||| Stepping ~*~*~tactically~*~*~ (stealth).
 20905 | Orc:2    | 20905 ||| INVOKING Heroism.
 20911 | Orc:2    | Reached skill level 6 in Dodging
 20915 | Orc:2    | Found Ykaeha's Distillery.
 20921 | Orc:2    | Found Waci's Distillery.
 20924 | Orc:2    | 20924 ||| Stepping ~*~*~tactically~*~*~ (outnumbered).
 20925 | Orc:2    | 20925 ||| Stepping ~*~*~tactically~*~*~ (outnumbered).
 20938 | Orc:2    | 20938 ||| Stepping ~*~*~tactically~*~*~ (outnumbered).
 20946 | Orc:2    | 20946 ||| Stepping ~*~*~tactically~*~*~ (outnumbered).
 20949 | Orc:2    | 20949 ||| Stepping ~*~*~tactically~*~*~ (outnumbered).
 20952 | Orc:2    | 20952 ||| INVOKING Heroism.
 20954 | Orc:2    | 20954 ||| Stepping ~*~*~tactically~*~*~ (outnumbered).
 20960 | Orc:2    | HP: 38/160 [orc warrior/+0 mace (11)]
 20961 | Orc:2    | 20961 ||| READING 4 scrolls of teleportation.
 20962 | Orc:2    | 20962 ||| DRINKING 2 potions of heal wounds.
 20962 | Orc:2    | HP: 15/160 [orc priest/divine providence (11)]
 20963 | Orc:2    | 20963 ||| DRINKING potion of heal wounds.
 20985 | Orc:2    | Noticed an orc warlord
 20986 | Orc:2    | 20986 ||| Stepping ~*~*~tactically~*~*~ (stealth).
 20987 | Orc:2    | 20987 ||| Stepping ~*~*~tactically~*~*~ (stealth).
 20988 | Orc:2    | 20988 ||| Stepping ~*~*~tactically~*~*~ (stealth).
 20989 | Orc:2    | 20989 ||| Stepping ~*~*~tactically~*~*~ (stealth).
 20990 | Orc:2    | 20990 ||| Stepping ~*~*~tactically~*~*~ (stealth).
 20993 | Orc:2    | 20993 ||| Stepping ~*~*~tactically~*~*~ (stealth).
 20994 | Orc:2    | 20994 ||| Stepping ~*~*~tactically~*~*~ (stealth).
 20997 | Orc:2    | 20997 ||| INVOKING Heroism.
 21004 | Orc:2    | 21004 ||| Stepping ~*~*~tactically~*~*~ (stealth).
 21006 | Orc:2    | 21006 ||| Stepping ~*~*~tactically~*~*~ (stealth).
 21010 | Orc:2    | 21010 ||| Stepping ~*~*~tactically~*~*~ (hiding).
 21011 | Orc:2    | 21011 ||| Stepping ~*~*~tactically~*~*~ (hiding).
 21012 | Orc:2    | 21012 ||| Stepping ~*~*~tactically~*~*~ (hiding).
 21015 | Orc:2    | 21015 ||| Stepping ~*~*~tactically~*~*~ (hiding).
 21017 | Orc:2    | 21017 ||| Stepping ~*~*~tactically~*~*~ (outnumbered).
 21025 | Orc:2    | 21025 ||| Stepping ~*~*~tactically~*~*~ (outnumbered).
 21026 | Orc:2    | 21026 ||| Stepping ~*~*~tactically~*~*~ (outnumbered).
 21027 | Orc:2    | 21027 ||| Stepping ~*~*~tactically~*~*~ (outnumbered).
 21028 | Orc:2    | 21028 ||| Stepping ~*~*~tactically~*~*~ (outnumbered).
 21029 | Orc:2    | 21029 ||| Stepping ~*~*~tactically~*~*~ (outnumbered).
 21030 | Orc:2    | 21030 ||| Stepping ~*~*~tactically~*~*~ (outnumbered).
 21031 | Orc:2    | 21031 ||| Stepping ~*~*~tactically~*~*~ (outnumbered).
 21039 | Orc:2    | HP: 38/160 [orc warlord/+2 dire flail of holy wrath (16)]
 21040 | Orc:2    | 21040 ||| READING 3 scrolls of teleportation.
 21118 | Orc:2    | 21118 ||| Invisible monster not found???
 21203 | Orc:2    | 21203 ||| Stepping ~*~*~tactically~*~*~ (stealth).
 21235 | Orc:2    | 21235 ||| INVOKING Heroism.
 21238 | Orc:2    | Killed an orc warlord
 21246 | Orc:2    | 21246 ||| Stepping ~*~*~tactically~*~*~ (outnumbered).
 21247 | Orc:2    | 21247 ||| Stepping ~*~*~tactically~*~*~ (outnumbered).
 21248 | Orc:2    | 21248 ||| Stepping ~*~*~tactically~*~*~ (outnumbered).
 21249 | Orc:2    | 21249 ||| Stepping ~*~*~tactically~*~*~ (outnumbered).
 21250 | Orc:2    | 21250 ||| Stepping ~*~*~tactically~*~*~ (outnumbered).
 21251 | Orc:2    | 21251 ||| Stepping ~*~*~tactically~*~*~ (outnumbered).
 21252 | Orc:2    | 21252 ||| Stepping ~*~*~tactically~*~*~ (outnumbered).
 21280 | Orc:2    | 21280 ||| Stepping ~*~*~tactically~*~*~ (stealth).
 21334 | Orc:2    | Identified the +1 scale mail of Death Resistance {Harm
                  | Drain Will++ Regen+}
 21464 | Orc:2    | Noticed an orc warlord
 21465 | Orc:2    | 21465 ||| INVOKING Heroism.
 21473 | Orc:2    | 21473 ||| Stepping ~*~*~tactically~*~*~ (outnumbered).
 21474 | Orc:2    | 21474 ||| Stepping ~*~*~tactically~*~*~ (outnumbered).
 21475 | Orc:2    | 21475 ||| Stepping ~*~*~tactically~*~*~ (outnumbered).
 21476 | Orc:2    | 21476 ||| Stepping ~*~*~tactically~*~*~ (outnumbered).
 21477 | Orc:2    | 21477 ||| Stepping ~*~*~tactically~*~*~ (outnumbered).
 21478 | Orc:2    | 21478 ||| Stepping ~*~*~tactically~*~*~ (outnumbered).
 21479 | Orc:2    | 21479 ||| Stepping ~*~*~tactically~*~*~ (outnumbered).
 21480 | Orc:2    | 21480 ||| Stepping ~*~*~tactically~*~*~ (outnumbered).
 21482 | Orc:2    | 21482 ||| Stepping ~*~*~tactically~*~*~ (outnumbered).
 21492 | Orc:2    | 21492 ||| Stepping ~*~*~tactically~*~*~ (outnumbered).
 21493 | Orc:2    | 21493 ||| Stepping ~*~*~tactically~*~*~ (outnumbered).
 21494 | Orc:2    | 21494 ||| Stepping ~*~*~tactically~*~*~ (outnumbered).
 21495 | Orc:2    | 21495 ||| Stepping ~*~*~tactically~*~*~ (outnumbered).
 21496 | Orc:2    | 21496 ||| Stepping ~*~*~tactically~*~*~ (outnumbered).
 21497 | Orc:2    | 21497 ||| Stepping ~*~*~tactically~*~*~ (outnumbered).
 21498 | Orc:2    | 21498 ||| Stepping ~*~*~tactically~*~*~ (outnumbered).
 21499 | Orc:2    | 21499 ||| Stepping ~*~*~tactically~*~*~ (outnumbered).
 21500 | Orc:2    | 21500 ||| Stepping ~*~*~tactically~*~*~ (outnumbered).
 21501 | Orc:2    | 21501 ||| Stepping ~*~*~tactically~*~*~ (outnumbered).
 21503 | Orc:2    | 21503 ||| Stepping ~*~*~tactically~*~*~ (outnumbered).
 21504 | Orc:2    | 21504 ||| Stepping ~*~*~tactically~*~*~ (outnumbered).
 21505 | Orc:2    | 21505 ||| Stepping ~*~*~tactically~*~*~ (outnumbered).
 21507 | Orc:2    | 21507 ||| Stepping ~*~*~tactically~*~*~ (outnumbered).
 21511 | Orc:2    | Killed an orc warlord
 21701 | Orc:2    | 21701 ||| INVOKING Heroism.
 21702 | Orc:2    | Found a staircase to the Elven Halls.
 21889 | Orc:2    | 21889 ||| INVOKING Heroism.
 21920 | Orc:2    | 21920 ||| Stepping ~*~*~tactically~*~*~ (outnumbered).
 21921 | Orc:2    | 21921 ||| Stepping ~*~*~tactically~*~*~ (outnumbered).
 21922 | Orc:2    | 21922 ||| Stepping ~*~*~tactically~*~*~ (outnumbered).
 21923 | Orc:2    | 21923 ||| Stepping ~*~*~tactically~*~*~ (outnumbered).
 21924 | Orc:2    | 21924 ||| Stepping ~*~*~tactically~*~*~ (outnumbered).
 21925 | Orc:2    | 21925 ||| Stepping ~*~*~tactically~*~*~ (outnumbered).
 21926 | Orc:2    | 21926 ||| Stepping ~*~*~tactically~*~*~ (outnumbered).
 21927 | Orc:2    | 21927 ||| Stepping ~*~*~tactically~*~*~ (outnumbered).
 21928 | Orc:2    | 21928 ||| Stepping ~*~*~tactically~*~*~ (outnumbered).
 21929 | Orc:2    | 21929 ||| Stepping ~*~*~tactically~*~*~ (hiding).
 21932 | Orc:2    | 21932 ||| Stepping ~*~*~tactically~*~*~ (outnumbered).
 21933 | Orc:2    | 21933 ||| Stepping ~*~*~tactically~*~*~ (outnumbered).
 21934 | Orc:2    | 21934 ||| Stepping ~*~*~tactically~*~*~ (outnumbered).
 21935 | Orc:2    | 21935 ||| Stepping ~*~*~tactically~*~*~ (outnumbered).
 21938 | Orc:2    | 21938 ||| Stepping ~*~*~tactically~*~*~ (outnumbered).
 21941 | Orc:2    | 21941 ||| INVOKING Heroism.
 21984 | Orc:2    | 21984 ||| Stepping ~*~*~tactically~*~*~ (stealth).
 21999 | Orc:2    | 21999 ||| Stepping ~*~*~tactically~*~*~ (hiding).
 22000 | Orc:2    | 22000 ||| Stepping ~*~*~tactically~*~*~ (hiding).
 22005 | Orc:2    | 22005 ||| INVOKING Heroism.
 22010 | Orc:2    | 22010 ||| Stepping ~*~*~tactically~*~*~ (outnumbered).
 22044 | Orc:2    | 22044 ||| Stepping ~*~*~tactically~*~*~ (stealth).
 22046 | Orc:2    | 22046 ||| Stepping ~*~*~tactically~*~*~ (stealth).
 22048 | Orc:2    | 22048 ||| Stepping ~*~*~tactically~*~*~ (stealth).
 22050 | Orc:2    | 22050 ||| Stepping ~*~*~tactically~*~*~ (hiding).
 22051 | Orc:2    | 22051 ||| Stepping ~*~*~tactically~*~*~ (hiding).
 22052 | Orc:2    | 22052 ||| Stepping ~*~*~tactically~*~*~ (hiding).
 22158 | Orc:2    | 22158 ||| BUYING 2 potions of might (104 gold).
 22158 | Orc:2    | Bought 2 potions of might for 104 gold pieces
 22158 | Orc:2    | 22158 ||| BUYING potion of curing (39 gold).
 22158 | Orc:2    | Bought a potion of curing for 39 gold pieces
 22158 | Orc:2    | 22158 ||| BUYING potion of heal wounds (65 gold).
 22158 | Orc:2    | Bought a potion of heal wounds for 65 gold pieces
 22158 | Orc:2    | 22158 ||| BUYING potion of heal wounds (65 gold).
 22158 | Orc:2    | Bought a potion of heal wounds for 65 gold pieces
 22158 | Orc:2    | 22158 ||| BUYING potion of might (52 gold).
 22158 | Orc:2    | Bought a potion of might for 52 gold pieces
 22158 | Orc:2    | 22158 ||| BUYING potion of might (52 gold).
 22158 | Orc:2    | Bought a potion of might for 52 gold pieces
 22158 | Orc:2    | 22158 ||| BUYING potion of mutation (104 gold).
 22158 | Orc:2    | Bought a potion of mutation for 104 gold pieces
 22161 | Orc:2    | 22161 ||| BUYING potion of curing (33 gold).
 22161 | Orc:2    | Bought a potion of curing for 33 gold pieces
 22161 | Orc:2    | 22161 ||| BUYING potion of curing (33 gold).
 22161 | Orc:2    | Bought a potion of curing for 33 gold pieces
 22161 | Orc:2    | 22161 ||| BUYING potion of curing (33 gold).
 22161 | Orc:2    | Bought a potion of curing for 33 gold pieces
 22161 | Orc:2    | 22161 ||| BUYING potion of resistance (110 gold).
 22161 | Orc:2    | Bought a potion of resistance for 110 gold pieces
 22167 | Orc:2    | 22167 ||| Stepping ~*~*~tactically~*~*~ (hiding).
 22169 | Orc:2    | 22169 ||| Stepping ~*~*~tactically~*~*~ (hiding).
 22171 | Orc:2    | 22171 ||| INVOKING Heroism.
 22188 | Orc:2    | 22188 ||| Stepping ~*~*~tactically~*~*~ (outnumbered).
 22189 | Orc:2    | 22189 ||| Stepping ~*~*~tactically~*~*~ (hiding).
 22190 | Orc:2    | 22190 ||| Stepping ~*~*~tactically~*~*~ (hiding).
 22196 | Orc:2    | 22196 ||| Stepping ~*~*~tactically~*~*~ (outnumbered).
 22197 | Orc:2    | 22197 ||| Stepping ~*~*~tactically~*~*~ (outnumbered).
 22204 | Orc:2    | Reached skill level 21 in Unarmed Combat
 22248 | Orc:2    | 22248 ||| INVOKING Heroism.
 22249 | Orc:2    | Paralysed by an orc sorcerer for 3 turns
 22288 | Orc:2    | 22288 ||| INVOKING Heroism.
 22296 | Orc:2    | Received a gift from Okawaru
 22326 | Orc:2    | 22326 ||| Stepping ~*~*~tactically~*~*~ (stealth).
 22341 | Orc:2    | 22341 ||| Stepping ~*~*~tactically~*~*~ (hiding).
 22347 | Orc:2    | 22347 ||| INVOKING Heroism.
 22402 | Orc:2    | Found Zarot's Book Shoppe.
 22402 | Orc:2    | Found Suucuc's Antique Weapon Emporium.
 22403 | Orc:2    | Found a one-way gate leading to the halls of Pandemonium.
 22584 | Orc:2    | 22584 ||| PLANNING SWAMP:1-3
 22793 | Swamp:1  | Entered Level 1 of the Swamp
 22803 | Swamp:1  | 22803 ||| INVOKING Heroism.
 22807 | Swamp:1  | Received a gift from Okawaru
 22812 | Swamp:1  | Reached XP level 16. HP: 171/173 MP: 20/22
 22813 | Swamp:1  | 22813 ||| Stepping ~*~*~tactically~*~*~ (hiding).
 22814 | Swamp:1  | 22814 ||| Stepping ~*~*~tactically~*~*~ (hiding).
 22832 | Swamp:1  | 22832 ||| Stepping ~*~*~tactically~*~*~ (stealth).
 22834 | Swamp:1  | 22834 ||| Stepping ~*~*~tactically~*~*~ (stealth).
 22854 | Swamp:1  | 22854 ||| Stepping ~*~*~tactically~*~*~ (stealth).
 22937 | Swamp:1  | 22937 ||| INVOKING Heroism.
 23077 | Swamp:1  | 23077 ||| Stepping randomly (cloudy).
 23079 | Swamp:1  | 23079 ||| INVOKING Heroism.
 23084 | Swamp:1  | Noticed Mlioglotl
 23085 | Swamp:1  | 23085 ||| INVOKING Finesse.
 23097 | Swamp:1  | 23097 ||| Stepping ~*~*~tactically~*~*~ (outnumbered).
 23100 | Swamp:1  | 23100 ||| Stepping randomly (cloudy).
 23113 | Swamp:1  | HP: 37/157 [spectral spriggan air mage[a ghost crab] (4)]
 23114 | Swamp:1  | 23114 ||| READING 2 scrolls of teleportation.
 23115 | Swamp:1  | 23115 ||| DRINKING 2 potions of heal wounds.
 23116 | Swamp:1  | 23116 ||| DRINKING potion of heal wounds.
 23117 | Swamp:1  | 23117 ||| Stepping ~*~*~tactically~*~*~ (outnumbered).
 23117 | Swamp:1  | HP: 6/157 [spriggan rider/+0 spear (21)]
 23118 | Swamp:1  | Killed Mlioglotl
 23118 | Swamp:1  | Received a gift from Okawaru
 23120 | Swamp:1  | HP: 2/161 [spectral alligator snapping turtle[a ghost crab]
                  | (4)]
 23122 | Swamp:1  | 23122 ||| READING scroll of teleportation.
 23140 | Swamp:1  | 23140 ||| INVOKING Heroism.
 23143 | Swamp:1  | HP: 22/162 [ghost crab (2)]
 23144 | Swamp:1  | HP: 10/159 [ghost crab (4)]
 23146 | Swamp:1  | Slain by a ghost crab

Levels and vault maps discovered:
D:1:      eino_arrival_druids_welcome, layout_rooms,
          hellmonk_ecumenical_altar_watching_god
D:2:      layout_loops_ring, serial_shops, shop, minmay_heptomino_w4
D:3:      cheibrodos_helix_gallery, layout_loops_ring,
          lemuel_coloured_pillars_altar, minmay_bisected
D:4:      layout_cave_pods, vehumet_statue, cheibrodos_sewer_entry_bend
D:5:      layout_cave_pools, minmay_temple_entry_statues_pillars,
          hellmonk_ghost_happy_afterlife, kennysheep_nub
D:6:      layout_basic
D:7:      layout_loops_ring, nicolae_dithmenos_through_a_glass_darkly,
          hellmonk_guarded_unrand_lears, uniq_maggie, uniq_menkaure,
          uniq_duvessa, uniq_crazy_yiuf_cottage
D:8:      layout_loops_ring, lemuel_mausoleum_altar_yredelemnul,
          pdpol_wu_jian_five_deadly_venoms, gammafunk_ghost_split, serial_shops,
          kennysheep_mini, nicolae_shop_waterfront, shop_fountains,
          nicolae_shop_trees, uniq_maurice
D:9:      kennysheep_steamy, layout_irregular_city, mainiacjoe_overflow_catwalk,
          enter_bailey_5
D:10:     layout_loops_ring, led_sif_book, lair_entry_dummy, serial_shops, shop,
          nicolae_take_the_stairs, nicolae_diamond_shop, kennysheep_little_box,
          uniq_harold
D:11:     layout_roguey, portal_ice_cave_entry_ice_simulacra
D:12:     layout_loops_ring, orc_0_dummy, kennysheep_another_room
D:13:     layout_small_grid, hangedman_vaults_entry_quadrant_bands
D:14:     layout_long_grid, nicolae_eternal_life, serial_shops, bzr_entry_safe,
          nicolae_diamond_shop, nicolae_shop_window_shopping, uniq_frances
D:15:     grunt_enter_depths_snipers, layout_basic, minmay_misc_feat_x,
          fake_guardian_serpent_vault
Lair:1:   layout_cave_pods
Lair:2:   minmay_lair_oklob_tunnel, layout_hall_layers,
          minmay_swamp_entry_worms, minmay_snake_entry_six_corridors,
          beast_lair_carwin_9
Lair:3:   layout_misc_corridors
Lair:4:   layout_gridlike, slime_entry_1
Lair:5:   evil_forest, layout_small_grid, serial_bayou_shore_b, uniq_kirke
Swamp:1:  layout_basic_swamp, nicolae_swamp_orc_logging_accident, swamp_pool3,
          uniq_mlioglotl
Orc:1:    layout_caves, basic_altar, nicolae_orc_flooded_monolith
Orc:2:    pf_orc_diabolical, layout_diamond_mine, minmay_orc_treasury

Skill      XL: |  1  2  3  4  5  6  7  8  9 10 11 12 13 14 15 16 |
---------------+-------------------------------------------------+-----
Unarmed Combat | 5 6 7 8 10 12 14 16 17 18 19 21 | 21.1
Dodging        | 1 2 3 4 5 6 |  6.0
Fighting       | 3 4 5 6 7 8 9 10 | 10.0
Throwing       | 1 6 7 8 9 |  9.0
Armour         | 2 3 4 |  4.1
Invocations    | 2 6 10 | 10.0
Spellcasting   | |  1.0
Fire Magic     | |  2.1

Action                   |  1- 3 |  4- 6 |  7- 9 | 10-12 | 13-15 | 16-18 || total
-------------------------+-------+-------+-------+-------+-------+-------++-------
Melee: Unarmed           |    39 |   155 |   198 |   455 |   770 |    62 ||  1679
       Punch             |       |     5 |    10 |    46 |    92 |     7 ||   160
Throw: Boomerang         |       |       |    50 |       |       |       ||    50
       Large rock        |       |       |       |    62 |   189 |     1 ||   252
       Javelin           |       |       |       |     1 |    28 |       ||    29
Invok: Fiery Armour      |       |     3 |     3 |     6 |       |       ||    12
       Heroism           |       |       |       |     4 |    52 |     3 ||    59
       Finesse           |       |       |       |       |    15 |     1 ||    16
  Use: Scroll            |     2 |     6 |    10 |    12 |     7 |     2 ||    39
       Potion            |       |     2 |       |       |     5 |     2 ||     9
 Stab: Confused          |       |       |       |       |       |     1 ||     1
Armor: Robe              |    10 |    46 |    36 |       |       |       ||    92
       Swamp dragon scal |       |       |    12 |   124 |   241 |    33 ||   410
Dodge: Dodged            |    14 |    45 |    51 |   129 |   275 |    35 ||   549
Block: Other             |       |       |       |    23 |   123 |    12 ||   158
       Reflection        |       |       |       |     1 |     8 |       ||     9

Table legend:
 A = Non-vault XP
 B = Vault XP
 C = Vault XP percentage of total XP
 D = Non-vault monster count
 E = Vault monster count
 F = Vault count percentage of total count
                 A         B        C        D         E       F
            +---------+---------+-------+---------+---------+-------
      Total |  103133 |   56370 |  35.3 |     470 |     204 |  30.3
            +---------+---------+-------+---------+---------+-------
        D:1 |      22 |       0 |   0.0 |      13 |       0 |   0.0
        D:2 |     169 |       4 |   2.3 |      19 |       4 |  17.4
        D:3 |     115 |      10 |   8.0 |      20 |       5 |  20.0
        D:4 |     394 |      37 |   8.6 |      17 |       2 |  10.5
        D:5 |     356 |       0 |   0.0 |       6 |       0 |   0.0
        D:6 |     756 |       0 |   0.0 |      20 |       0 |   0.0
        D:7 |    1050 |    1074 |  50.6 |      17 |       5 |  22.7
        D:8 |    1219 |    1672 |  57.8 |      27 |      13 |  32.5
        D:9 |    2607 |     365 |  12.3 |      13 |       6 |  31.6
       D:10 |    3077 |     855 |  21.7 |      29 |       1 |   3.3
       D:11 |    4219 |      76 |   1.8 |      12 |       3 |  20.0
       D:12 |    7268 |       0 |   0.0 |      26 |       0 |   0.0
       D:13 |    5877 |    4081 |  41.0 |      12 |      16 |  57.1
       D:14 |    8783 |    1557 |  15.1 |      17 |       1 |   5.6
       D:15 |   11027 |    3125 |  22.1 |      23 |       4 |  14.8
     Lair:1 |    4651 |       0 |   0.0 |      21 |       0 |   0.0
     Lair:2 |    6169 |    6431 |  51.0 |      20 |      22 |  52.4
     Lair:3 |    8070 |       0 |   0.0 |      28 |       0 |   0.0
     Lair:4 |    9509 |       0 |   0.0 |      29 |       0 |   0.0
     Lair:5 |   14432 |   11853 |  45.1 |      35 |      27 |  43.5
    Swamp:1 |    6975 |    1147 |  14.1 |      14 |       1 |   6.7
      Orc:1 |    2281 |       0 |   0.0 |      31 |       0 |   0.0
      Orc:2 |    4107 |   24083 |  85.4 |      21 |      94 |  81.7
            +---------+---------+-------+---------+---------+-------
